 Dungeon Crawl Stone Soup version 0.20.1-1-g8b1a95d (webtiles) character file.

416 Monsterracer the Conjurer (level 6, -9/32 HPs)
             Began as a Deep Elf Wizard on July 8, 2017.
             Was an Initiate of Vehumet.
             Killed from afar by Ferkelamun's ghost (27 damage)
             ... with a shard of ice
             ... on level 6 of the Dungeon.
             The game lasted 00:11:43 (4069 turns).

Monsterracer the Conjurer (Deep Elf Wizard)         Turns: 4069, Time: 00:11:44

Health: -9/32      AC:  5    Str:  4    XL:     6   Next: 60%
Magic:  15/15      EV: 13    Int: 25    God:    Vehumet [......]
Gold:   282        SH:  0    Dex: 13    Spells: 6/15 levels left

rFire    . . .     SeeInvis .   (no weapon)
rCold    . . .     Gourm    .   (no shield)
rNeg     . . .     Faith    .   a - +0 robe
rPois    .         Spirit   .   k - +0 helmet
rElec    .         Reflect  .   (no cloak)
rCorr    .         Harm     .   (no gloves)
MR       .....                  j - +1 pair of boots
Stlth    +.........             (no amulet)
Regen    0.1/turn               (no ring)
MPRegen  0.2/turn               (no ring)

@: confused, about to teleport
A: no striking features
a: Renounce Religion


You were on level 6 of the Dungeon.
You worshipped Vehumet.
Vehumet was noncommittal.
You were not hungry.

You visited 2 branches of the dungeon, and saw 7 of its levels.
You also visited: Ossuary.

You collected 282 gold pieces.

Inventory:

Armour
 a - a +0 robe (worn)
 j - a +1 pair of boots (worn)
 k - a +0 helmet (worn)
Scrolls
 b - 3 scrolls of enchant weapon
 f - 5 scrolls of identify
 l - 2 scrolls of teleportation
 m - a scroll of fog
 n - a scroll of fear
 o - 2 scrolls of enchant armour
 t - 2 scrolls of remove curse
 u - a scroll of amnesia
Potions
 e - 4 potions of agility
 i - a potion of haste {unknown}
 q - 3 potions of invisibility {unknown}
 r - a potion of curing
 s - a potion of mutation {unknown}
 v - 3 potions of lignification {unknown}
Books
 c - a book of Minor Magic

   Spells                             Type                      Level
   a - Magic Dart                     Conjuration                  1
   b - Blink                          Translocation                2
   c - Call Imp                       Summoning                    2
   d - Slow                           Hexes                        2
   e - Conjure Flame                  Conjuration/Fire             3
   f - Mephitic Cloud                 Conjuration/Poison/Air       3
Comestibles
 d - 3 bread rations
 g - 2 meat rations
 p - 2 royal jellies


   Skills:
 - Level 2.4 Dodging
 - Level 2.4 Stealth
 + Level 5.1 Spellcasting
 * Level 6.4 Conjurations
   Level 1.1 Summonings
 - Level 1.1 Translocations
 + Level 2.3 Fire Magic
 + Level 1.4 Air Magic


You had 6 spell levels left.
You knew the following spells:

 Your Spells              Type           Power        Failure   Level  Hunger
a - Magic Dart            Conj           ####         1%          1    None
b - Conjure Flame         Conj/Fire      ####....     4%          3    ##.....
c - Mephitic Cloud        Conj/Pois/Air  ###.....     9%          3    ##.....
e - Blink                 Tloc           N/A          8%          2    None


Dungeon Overview and Level Annotations

Branches:
Dungeon (7/15)             Temple (1/1) D:6

Altars:
Cheibriados
Dithmenos
Fedhas
Nemelex Xobeh
Uskayaw
Vehumet
Xom
The Shining One

Annotations:
D:6 Ferkelamun's ghost, novice DrIE


Message History

There are monsters nearby!
Unknown command.
Ferkelamun's ghost is engulfed in blazing flames.
What are your orders? t - Shout!
Orders for allies: a - Attack new target. r - Retreat! s - Stop attacking. g - Guard the area. f - Follow me.
Anything else - Cancel.
Okay, then.
As you read the scroll of teleportation, it crumbles to dust.
You feel strangely unstable.
It was a potion of ambrosia.
You are confused.
You feel invigorated.
Okay, then.
Ferkelamun's ghost casts a spell at you.
The shard of ice hits you!
Ouch! That really hurt!
You die...

##.........#
...........#
#..........##
##.....?....##
###.........##
#.......#.W##
#......###..##
#...#r##
###.## #..##.#
##@# #.# ###
### #.


You could see Ferkelamun's ghost.

Vanquished Creatures
  An ogre (D:3)
  2 elf zombies (Ossuary)
  A scorpion (D:4)
  A human zombie (Ossuary)
  A worker ant (D:3)
  4 mummies (Ossuary)
  An adder (D:2)
  An ooze (D:3)
  An adder zombie (Ossuary)
  A worm (D:4)
  2 dart slugs
  A leopard gecko (D:3)
  An orc (D:3)
  3 bats
  A giant cockroach (D:1)
  4 goblins
  5 hobgoblins
  2 quokkas
  3 ball pythons
  5 frilled lizards
  2 gnoll zombies (Ossuary)
  A goblin zombie (Ossuary)
  2 hobgoblin zombies (Ossuary)
  7 kobolds
  A leopard gecko skeleton (D:4)
  9 rats
  A rat zombie (Ossuary)
64 creatures vanquished.

Vanquished Creatures (others)
  An adder zombie (Ossuary)
  An orc zombie (Ossuary)
2 creatures vanquished.

Grand Total: 66 creatures vanquished

Notes
Turn   | Place    | Note
-------+----------+-------------------------------------------
     0 | D:1      | Monsterracer the Deep Elf Wizard began the quest for the Orb.
     0 | D:1      | Reached XP level 1. HP: 10/10 MP: 7/7
   292 | D:1      | Reached skill level 2 in Conjurations
   429 | D:1      | Reached XP level 2. HP: 15/15 MP: 7/9
   499 | D:1      | Learned a level 2 spell: Blink
  1052 | D:2      | Reached skill level 3 in Conjurations
  1197 | D:2      | Found a faded altar of an unknown god.
  1275 | D:2      | Reached XP level 3. HP: 19/19 MP: 5/10
  1280 | D:2      | Learned a level 3 spell: Conjure Flame
  1284 | D:2      | Learned a level 3 spell: Mephitic Cloud
  1285 | D:2      | Found a shadowy altar of Dithmenos.
  1984 | D:3      | Reached skill level 4 in Conjurations
  2221 | D:3      | Noticed an ogre
  2239 | D:3      | Killed an ogre
  2239 | D:3      | Reached skill level 5 in Conjurations
  2239 | D:3      | Reached XP level 4. HP: 24/24 MP: 1/12
  2239 | D:3      | Reached XP level 5. HP: 28/28 MP: 1/13
  2604 | D:4      | Found a shimmering altar of Xom.
  2633 | D:4      | Found a sand-covered staircase.
  2877 | Ossuary  | Entered an ossuary
  3045 | Ossuary  | Reached skill level 6 in Conjurations
  3045 | Ossuary  | Reached skill level 1 in Fire Magic
  3045 | Ossuary  | Reached skill level 1 in Air Magic
  3045 | Ossuary  | Reached XP level 6. HP: 9/32 MP: 6/15
  3353 | Ossuary  | Reached skill level 5 in Spellcasting
  3903 | D:4      | You fall through a shaft for 3 floors!
  3912 | D:7      | Found a blossoming altar of Fedhas.
  3947 | D:6      | Found a staircase to the Ecumenical Temple.
  3951 | D:6      | Noticed Ferkelamun's ghost (novice DrIE)
  3956 | Temple   | Entered the Ecumenical Temple
  4016 | Temple   | Became a worshipper of Vehumet
  4069 | D:6      | Killed from afar by Ferkelamun's ghost

Skill      XL: |  1  2  3  4  5  6 |
---------------+-------------------+-----
Conjurations   | 2 3 5 6 |  6.4
Fire Magic     | 1 2 |  2.3
Air Magic      | 1 |  1.4
Spellcasting   | 5 |  5.1
Dodging        | |  2.4
Stealth        | |  2.4
Summonings     | |  1.1
Translocations | |  1.1

Action                   |  1- 3 |  4- 6 || total
-------------------------+-------+-------++-------
Melee: Unarmed           |       |    18 ||    18
 Cast: Magic Dart        |    89 |    87 ||   176
       Conjure Flame     |     1 |     6 ||     7
       Blink             |       |     1 ||     1
  Use: Scroll            |     3 |     8 ||    11
       Potion            |       |     4 ||     4
  Eat: Chunk             |     4 |     1 ||     5
       Bread ration      |       |     1 ||     1
Armor: Robe              |     2 |    15 ||    17
Dodge: Dodged            |     4 |    31 ||    35
